 Dungeon Crawl Stone Soup version 0.27.0-1-g7a089689b8 (webtiles) character file.

Game seed: 11330432146337402120

67 Crownlay the Sneak (level 4, -3/29 HPs)
             Began as an Octopode Brigand on Aug 12, 2021.
             Slain by Grinder (5 damage)
             ... while paralysed by Grinder
             ... on level 3 of the Dungeon.
             The game lasted 00:02:43 (1710 turns).

Crownlay the Sneak (Octopode Brigand)               Turns: 1710, Time: 00:02:44

Health: -3/29      AC:  1    Str: 10    XL:     4   Next: 18%
Magic:  4/4        EV:  2    Int: 13    God:
Gold:   126        SH:  0    Dex: 14    Spells: 3/3 levels left

rFire    . . .     SeeInvis .   a - +2 dagger
rCold    . . .     Faith    .   (no shield)
rNeg     . . .     Spirit   .   (helmet restricted)
rPois    .         Reflect  .   (no amulet)
rElec    .         Harm     .   (no ring)
rCorr    .         Rampage  .   (no ring)
Will     .....                  (no ring)
Stlth    +++++.....             (no ring)
HPRegen  0.09/turn              (no ring)
MPRegen  0.09/turn              (no ring)
                                (no ring)
                                (no ring)

@: paralysed
A: almost no armour, amphibious, 8 rings, camouflage 1, gelatinous body 1,
(nimble swimmer 1), tentacles
a: no special abilities


You were on level 3 of the Dungeon.
You visited 1 branch of the dungeon, and saw 3 of its levels.

You collected 126 gold pieces.

Inventory:

Hand Weapons
 a - a +2 dagger (weapon)
Missiles
 b - 8 poisoned darts (quivered)
 c - 2 curare-tipped darts
Wands
 k - a wand of iceblast (6)
Scrolls
 d - 2 scrolls of teleportation {unknown}
 g - 2 scrolls of enchant armour {unknown}
 h - 3 scrolls of identify {unknown}
 j - a scroll of immolation {unknown}
 m - a scroll of silence {unknown}
Potions
 e - a potion of attraction {unknown}
 f - a potion of magic {unknown}
 i - 2 potions of ambrosia {unknown}
 l - a potion of berserk rage {unknown}


   Skills:
 - Level 2.0 Fighting
 - Level 2.0 Short Blades
 - Level 2.0 Throwing
 - Level 1.0 Dodging
 + Level 7.7 Stealth


You had 3 spell levels left.
You didn't know any spells.
Your spell library contained the following spells:

 Spells                   Type           Power      Damage    Failure   Level
 Portal Projectile        Hex/Tloc       0%         N/A       67%         3
 Blade Hands              Tmut           0%         N/A       100%        5
 Excruciating Wounds      Necr           0%         N/A       100%        5


Dungeon Overview and Level Annotations

Branches:
Dungeon (3/15)

Altars:

Shops:
D:3 =

Annotations:
D:3 Grinder


Innate Abilities, Weirdness & Mutations

You cannot wear most types of armour.
You are amphibious.
You can wear up to eight rings at the same time.
Your skin changes colour to match your surroundings (Stealth+).
Your rubbery body absorbs attacks. (AC +1, EV +1)
((You are camouflaged near water. (Stealth+)))
You have tentacles for arms and can constrict up to eight enemies at once.


Message History

You hear the rusting of a very distant drain.
There is an entrance to Tuaroh's Jewellery Boutique here.
A giant cockroach comes into view.
A frilled lizard comes into view.
Found a stone staircase leading down.
The giant cockroach bites you.
You hit the giant cockroach but do no damage.
Your grab misses the giant cockroach.
Your squeeze misses the giant cockroach.
The giant cockroach barely misses you.
You hit the giant cockroach. Your grab misses the giant cockroach.
Your squeeze misses the giant cockroach.
The giant cockroach is heavily wounded.
The giant cockroach bites you.
You hit the giant cockroach but do no damage.
You grab the giant cockroach.
The giant cockroach is heavily wounded.
You constrict the giant cockroach. The giant cockroach barely misses you.
You hit the giant cockroach.
You kill the giant cockroach!
Grinder comes into view.
Grinder shouts!
You hear a shout!
An endoplasm comes into view.
Grinder barely misses you.
You hit Grinder. Your grab misses Grinder.
Grinder is lightly wounded.
A goblin comes into view. It is wielding a +0 club.
Grinder says, "Tell me all your secrets, or I'll kill you."
Grinder hits you!
You barely miss Grinder. Your grab misses Grinder. Your squeeze misses Grinder.
Grinder is lightly wounded.
Grinder gestures at you.
You suddenly lose the ability to move!
Grinder gestures at you. Pain shoots through your body!
* * * LOW HITPOINT WARNING * * *
Grinder hits you.
* * * LOW HITPOINT WARNING * * *
You writhe in agony.
You die...

###. #.# ...##
...## #
........... ###
......>g# ..##
#..#..J.# ...##
.l.....# ....##
#5#....# #....#
#@.....###
##...##
#.†.......
##....#
#.......##
##...#
##........
#...#
#.#####.###....
###...#
#......###....
.###'##
#.####......#..
.##..#
###.######
###..# #.....#


You could see Grinder, an endoplasm, a goblin and a frilled lizard.

Vanquished Creatures
  2 adders (D:2)
  A white imp (D:3)
  3 dart slugs
  5 ball pythons
  5 endoplasms
  2 giant cockroaches
  6 goblins (D:1)
  3 hobgoblins
  3 bats
  4 frilled lizards
  A kobold (D:2)
  A rat (D:2)
36 creatures vanquished.

Vanquished Creatures (others)
  4 toadstools (D:1)
4 creatures vanquished.

Grand Total: 40 creatures vanquished

Notes
Turn   | Place    | Note
-------+----------+-------------------------------------------
     0 | D:1      | Crownlay the Octopode Brigand began the quest for the Orb.
     0 | D:1      | Reached XP level 1. HP: 14/14 MP: 1/1
   217 | D:1      | Reached XP level 2. HP: 19/19 MP: 2/2
   223 | D:1      | Reached skill level 6 in Stealth
   473 | D:1      | Reached XP level 3. HP: 20/24 MP: 3/3
   529 | D:1      | Found a faded altar of an unknown god.
  1016 | D:2      | Reached skill level 7 in Stealth
  1375 | D:3      | Reached XP level 4. HP: 29/29 MP: 4/4
  1438 | D:3      | Found Tuaroh's Jewellery Boutique.
  1502 | D:3      | Noticed a necrophage
  1705 | D:3      | Noticed Grinder
  1708 | D:3      | Paralysed by Grinder for 7 turns
  1710 | D:3      | Slain by Grinder

Illustrated notes

Levels and vault maps discovered:
D:1:      ldierk_water_garden, layout_rooms,
          dreamdust_ecumenical_altar_angels_and_demons
D:2:      layout_loops_ring
D:3:      layout_loops_cross, zin_treasury, gup_sewer_entry_bubbles,
          serial_shops, shop, lightli_corner_chamber, uniq_grinder

Skill      XL: |  1  2  3 |
---------------+----------+-----
Stealth        | 6 7 |  7.7
Fighting       | |  2.0
Short Blades   | |  2.0
Throwing       | |  2.0
Dodging        | |  1.0

Action                   |  1- 3 |  4- 6 || total
-------------------------+-------+-------++-------
Melee: Dagger            |    46 |     8 ||    54
       Constrict         |     8 |     1 ||     9
       Tentacles         |     4 |       ||     4
 Stab: Sleeping          |    17 |     2 ||    19
Armor: Skin              |     1 |       ||     1
Dodge: Dodged            |    11 |     3 ||    14
